AoeStats
← Oscar

Hideout

509748469Analyzed
1v1 RM · 6d ago on Sep 27, 2026· 31m 12s· 2 players
Game mode
Random Map
Map size
Tiny (2 player)
Population
200
Speed
Normal
Resources
Standard
Victory
Conquest
Starting age
Dark Age
Ending age
Imperial Age
RankedLock teamsTeams togetherTeam positionsShared explorationLock speedFull tech treeHidden civsTurbo modeCheats
Victory
Defeat
🇨🇭 Franks · Switzerland
906
+14
🇺🇸 Celts · United States
870
-14
Nosjir
5:40 Loom
5:47 Loom
7:59 Loom
10:19 Feudal Age
12:54 Town Watch
12:40 Man-at-Arms
14:21 Forging
14:42 Arson
24:36 Castle Age
22:59 Scale Mail Armor
23:47 Double-Bit Axe
24:12 Gold Mining
24:05 Horse Collar
29:48 Heavy Plow
30:32 Gold Shaft Mining
Oscar
11:05 Feudal Age
14:39 Castle Age
14:18 Stone Mining
17:19 Loom
24:13 Double-Bit Axe
26:49 Bow Saw
Connection lost

Rejoining the realm…

Still unreachable

The connection could not be restored.

Session expired

The server has moved on; the page needs a fresh start.